 Dungeon Crawl Stone Soup version 0.29.0-4-gdea44cf6ec (webtiles) character file.

Game seed: 10120524016330474673

258 qw the Chopper (level 6, -1/38 HPs)
             Began as a Gargoyle Fighter on Sept 9, 2022.
             Was an Initiate of Okawaru.
             Slain by Grinder (4 damage)
             ... while paralysed by Grinder
             ... on level 4 of the Dungeon.
             The game lasted 00:01:34 (4514 turns).

qw the Chopper (Gargoyle Fighter)                   Turns: 4514, Time: 00:01:35

Health: -1/38      AC: 13    Str: 21    XL:     6   Next: 16%
Magic:  6/6        EV:  2    Int:  9    God:    Okawaru [......]
Gold:   88         SH:  0    Dex:  9    Spells: 5/5 levels left

rFire   . . .      SeeInvis .   Y - +2 war axe
rCold   . . .      Faith    .   c - +0 buckler
rNeg    + . .      Spirit   .   a - +0 chain mail
rPois   inf        Reflect  .   (no helmet)
rElec   +          Harm     .   (no cloak)
rCorr   +          Rampage  .   (no gloves)
Will    .....                   (no boots)
Stlth   ..........              (no amulet)
HPRegen 0.12/turn               h - ring of resist corrosion
MPRegen 0.10/turn               g - +4 ring of evasion

@: paralysed
A: sickness immunity, AC +4, negative energy resistance 1, electricity
resistance, torment resistance 1, petrification resistance
a: Renounce Religion


You were on level 4 of the Dungeon.
You worshipped Okawaru.
Okawaru was noncommittal.
You visited 2 branches of the dungeon, and saw 5 of its levels.

You collected 88 gold pieces.


Innate Abilities, Weirdness & Mutations

You are immune to sickness and miasma.
Your stone body is resilient. (AC +4)
You are immune to poison.
You resist negative energy. (rN+)
You are resistant to electric shocks. (rElec)
You are resistant to unholy torment.
You are immune to petrification.


   Skills:
 - Level 4.0 Fighting
 + Level 5.4 Axes
 - Level 3.2 Armour
 - Level 3.2 Shields


You had 5 spell levels left.
You didn't know any spells.
Your spell library was empty.

Inventory:

Hand Weapons
 i - the +9 whip of the Middle {antimagic, rN+ Str+2}
   (You found it on level 3 of the Dungeon)

   It reduces the magical energy of the wielder, and disrupts the spells and
   magical abilities of those it strikes.
   Natural abilities and divine invocations are not affected.
   Str:       It affects your strength (+2).
   rN:        It protects you from negative energy.
 Y - a +2 war axe (weapon)
Missiles
 e - a boomerang (quivered)
Armour
 a - a +0 chain mail (worn)
 c - a +0 buckler (worn)
Jewellery
 g - a +4 ring of evasion (right hand)
 h - a ring of resist corrosion (left hand)
Scrolls
 j - a scroll of enchant armour
 o - a scroll of identify
Potions
 b - a potion of haste
 d - a potion of might
 k - a potion of mutation {unknown}
 m - a potion of ambrosia {unknown}
 p - 2 potions of curing

Dungeon Overview and Level Annotations

Branches:
Dungeon (4/15)             Temple (1/1) D:4

Altars:
Ashenzari
Dithmenos
Fedhas
Gozag
Hepliaklqana
Kikubaaqudgha
Makhleb
Okawaru
Ru
Vehumet
Xom
Zin
The Shining One

Shops:
D:3 *

Annotations:
D:4 Grinder


Message History

You block the adder's attack. The quokka closely misses you.
The adder closely misses you.
The quokka bites you but does no damage.
You slash the adder!
You kill the adder!
Okawaru accepts your kill.
You barely miss the quokka. The quokka completely misses you.
You slash the quokka!
You kill the quokka!
Okawaru accepts your kill.
You start resting.
Grinder is nearby!
Grinder shouts!
Grinder blinks!
You start resting.
Grinder is nearby!
Grinder blinks!
You start resting.
Grinder is nearby!
You barely miss Grinder.
Grinder is moderately wounded.
Grinder hits you!
You writhe in agony.
You hit Grinder.
Grinder is heavily wounded.
Grinder barely misses you.
You closely miss Grinder.
Grinder is heavily wounded.
Grinder gestures at you. Pain shoots through your body!
You slash Grinder!
Grinder is almost dead.
Grinder gestures at you.
You barely resist. Grinder gestures at you.
You suddenly lose the ability to move!
Grinder gestures at you.
You shrug off the repeated paralysis!
Grinder hits you.
You die...

..##..........#
#..........###.#.#.##..#
##..........# #.....# ..#
#...........# ##.#.## .##
#..........# ##..%###.#
#..........# ##.......>##
#.........# #...........
#...?....#####...........
#......@5......?...ยค%...
#.%....#####............
#.!...## #.............
#.....# #[........<...
####### ##..5.........
#............
#............
#.........[..
#...........


You could see Grinder.

Vanquished Creatures
  An orc priest (D:3)
  Ijyb (D:4)
  Natasha (twice) (D:2)
  4 adders
  3 gnolls (D:3)
  4 worms
  A dart slug (D:1)
  6 orcs (D:3)
  5 bats
  4 endoplasms
  A giant cockroach (D:2)
  6 goblins
  8 hobgoblins
  5 jackals
  A kobold (D:1)
  6 quokkas
  8 ball pythons
  A frilled lizard (D:3)
  4 rats
71 creatures vanquished.

Vanquished Creatures (others)
  9 plants (D:2)
9 creatures vanquished.

Grand Total: 80 creatures vanquished

Notes
Turn   | Place    | Note
-------+----------+-------------------------------------------
     0 | D:1      | qw the Gargoyle Fighter began the quest for the Orb.
     0 | D:1      | Reached XP level 1. HP: 14/14 MP: 1/1
     0 | D:1      | 0 ||| qw: Version: 0.1-a-113-g051387a
     0 | D:1      | 0 ||| qw: Game counter: 7048
     0 | D:1      | 0 ||| qw: Always use a shield: true
     0 | D:1      | 0 ||| qw: God list: Okawaru
     0 | D:1      | 0 ||| qw: Allow faded altars: false
     0 | D:1      | 0 ||| qw: Do Orc after D:15 true
     0 | D:1      | 0 ||| qw: Do second Lair branch before Depths: true
     0 | D:1      | 0 ||| qw: Lair rune preference: random
     0 | D:1      | 0 ||| qw: Plans: Normal, Zot, God:TSO, Crypt, Tomb, Zig,
                  | Orb
     0 | D:1      | 0 ||| PLANNING D:1-11
    54 | D:1      | 54 ||| Stepping ~*~*~tactically~*~*~ (stealth).
    60 | D:1      | Reached skill level 2 in Axes
   102 | D:1      | 102 ||| Stepping ~*~*~tactically~*~*~ (stealth).
   211 | D:1      | 211 ||| Stepping ~*~*~tactically~*~*~ (stealth).
   271 | D:1      | 271 ||| Stepping ~*~*~tactically~*~*~ (hiding).
   274 | D:1      | 274 ||| Stepping ~*~*~tactically~*~*~ (hiding).
   281 | D:1      | Reached XP level 2. HP: 19/19 MP: 2/2
  1166 | D:1      | 1166 ||| UPGRADING to ring of resist corrosion.
  1167 | D:1      | 1167 ||| READING scroll labelled DANA NOPOODIR.
  1171 | D:1      | 1171 ||| READING scroll labelled KOTAUPR LUPEA.
  1172 | D:1      | 1172 ||| READING scroll labelled XIMNUY TANO.
  1173 | D:1      | 1173 ||| READING scroll labelled EMIMOEL JOHARI.
  1174 | D:1      | 1174 ||| READING scroll labelled PUCOPT MUQIET.
  1175 | D:1      | 1175 ||| READING 2 scrolls labelled LEPTI VEULLOIDI.
  1176 | D:1      | 1176 ||| DRINKING 2 glowing brown potions.
  1177 | D:1      | 1177 ||| DROPPING potion of flight.
  1271 | D:2      | 1271 ||| Stepping ~*~*~tactically~*~*~ (stealth).
  1279 | D:2      | 1279 ||| Stepping ~*~*~tactically~*~*~ (stealth).
  1280 | D:2      | 1280 ||| Stepping ~*~*~tactically~*~*~ (stealth).
  1282 | D:2      | 1282 ||| Stepping ~*~*~tactically~*~*~ (stealth).
  1286 | D:2      | Reached skill level 3 in Axes
  1290 | D:2      | 1290 ||| FLEEEEING.
  1296 | D:2      | 1296 ||| FLEEEEING.
  1298 | D:2      | 1298 ||| FLEEEEING.
  1300 | D:2      | Reached XP level 3. HP: 18/23 MP: 3/3
  1557 | D:2      | 1557 ||| Stepping ~*~*~tactically~*~*~ (stealth).
  1824 | D:2      | Noticed Natasha
  1844 | D:2      | Killed Natasha
  1845 | D:2      | Reached XP level 4. HP: 19/28 MP: 4/4
  1961 | D:2      | Noticed Natasha
  1962 | D:2      | 1962 ||| Stepping ~*~*~tactically~*~*~ (stealth).
  1997 | D:2      | 1997 ||| READING scroll of enchant weapon.
  1997 | D:2      | 1997 ||| ENCHANTING +1 war axe.
  2075 | D:2      | 2075 ||| Stepping ~*~*~tactically~*~*~ (stealth).
  2093 | D:2      | Killed Natasha
  2094 | D:2      | Reached skill level 4 in Axes
  2606 | D:2      | 2606 ||| UPGRADING to +0 chain mail.
  2616 | D:2      | 2616 ||| DROPPING +0 scale mail.
  2617 | D:2      | 2617 ||| DROPPING ring of wizardry.
  2618 | D:2      | 2618 ||| READING scroll labelled QAVIOG GYANE.
  2619 | D:2      | 2619 ||| DRINKING 2 fizzy cyan potions.
  2620 | D:2      | 2620 ||| DRINKING 3 viscous coppery potions.
  2621 | D:2      | 2621 ||| DROPPING potion of magic.
  2656 | D:3      | Found a faded altar of an unknown god.
  2669 | D:3      | 2669 ||| STAIRDANCE
  2788 | D:3      | Found Zin's Purification Station.
  2795 | D:3      | 2795 ||| Stepping ~*~*~tactically~*~*~ (stealth).
  2815 | D:3      | Reached XP level 5. HP: 10/32 MP: 5/5
  3040 | D:3      | Found a glowing silver altar of Zin.
  3043 | D:3      | 3043 ||| SHOPLISTING 2 potions of curing (180 gold, have
                  | 37).
  3336 | D:3      | Identified the +9 whip of the Middle {antimagic, rN+ Str+2}
  3338 | D:3      | 3338 ||| DROPPING +0 whip.
  3354 | D:3      | Reached skill level 5 in Axes
  3532 | D:3      | 3532 ||| Stepping ~*~*~tactically~*~*~ (hiding).
  3843 | D:3      | 3843 ||| UPGRADING to +4 ring of evasion.
  3844 | D:3      | 3844 ||| READING 2 scrolls of identify.
  3844 | D:3      | 3844 ||| IDENTIFYING blue potion
  3915 | D:4      | Noticed Ijyb
  3916 | D:4      | 3916 ||| Stepping ~*~*~tactically~*~*~ (hiding).
  3919 | D:4      | 3919 ||| Stepping ~*~*~tactically~*~*~ (hiding).
  3931 | D:4      | Killed Ijyb
  3932 | D:4      | Reached XP level 6. HP: 28/38 MP: 6/6
  4095 | D:4      | Found a staircase to the Ecumenical Temple.
  4096 | D:4      | 4096 ||| PLANNING TEMPLE
  4096 | D:4      | 4096 ||| DRINKING 2 fizzy white potions.
  4201 | D:4      | 4201 ||| DROPPING potion of berserk rage.
  4263 | Temple   | Entered the Ecumenical Temple
  4278 | Temple   | Became a worshipper of Warmaster Okawaru
  4280 | Temple   | 4280 ||| PLANNING D:1-11
  4324 | D:4      | Noticed Grinder
  4333 | D:4      | Paralysed by Grinder for 4 turns
  4349 | D:4      | HP: 8/38 [Grinder (2)]
  4350 | D:4      | 4350 ||| READING scroll of teleportation.
  4351 | D:4      | HP: 1/38 [Grinder/puff of flame (7)]
  4352 | D:4      | 4352 ||| FLEEEEING.
  4353 | D:4      | 4353 ||| FLEEEEING.
  4356 | D:4      | HP: 1/38 [quokka (1)]
  4509 | D:4      | HP: 8/38 [Grinder (3)]
  4511 | D:4      | HP: 2/38 [Grinder/nerve-wracking pain (6)]
  4512 | D:4      | Paralysed by Grinder for 4 turns
  4514 | D:4      | Slain by Grinder

Levels and vault maps discovered:
D:1:      heliophobic_arrival_ceremonial_halls, layout_basic,
          amcnicky_mini_corridor_feature
D:2:      layout_basic, serial_bayou_pond_c, uniq_natasha
D:3:      layout_rooms, zin_purify, ebering_ecumenical_altar_sacrificial,
          corexii_item_surrounded_by_moat
D:4:      layout_cave_pods, minmay_temple_entry_sparse_star,
          chequers_serial_rivers_large_a, uniq_grinder, uniq_ijyb
Temple:   hellmonk_temple_of_storms

Skill      XL: |  1  2  3  4  5 |
---------------+----------------+-----
Axes           | 2 3 4 5 |  5.4
Fighting       | 4 |  4.0
Armour         | |  3.2
Shields        | |  3.2

Action                   |  1- 3 |  4- 6 || total
-------------------------+-------+-------++-------
Melee: War axe           |   102 |   153 ||   255
Throw: Boomerang         |       |    20 ||    20
  Use: Scroll            |     6 |     4 ||    10
       Potion            |     1 |     3 ||     4
Armor: Scale mail        |    62 |     8 ||    70
       Chain mail        |       |    62 ||    62
Dodge: Dodged            |    49 |    62 ||   111
Block: Buckler           |    16 |    21 ||    37

Table legend:
 A = Non-vault XP
 B = Vault XP
 C = Vault XP percentage of total XP
 D = Non-vault monster count
 E = Vault monster count
 F = Vault count percentage of total count
                 A         B        C        D         E       F
            +---------+---------+-------+---------+---------+-------
      Total |     297 |      72 |  19.5 |      69 |       2 |   2.8
            +---------+---------+-------+---------+---------+-------
        D:1 |      25 |       0 |   0.0 |      15 |       0 |   0.0
        D:2 |      83 |      36 |  30.3 |      22 |       1 |   4.3
        D:3 |     142 |       0 |   0.0 |      20 |       0 |   0.0
        D:4 |      47 |      36 |  43.4 |      12 |       1 |   7.7
            +---------+---------+-------+---------+---------+-------
